 Dungeon Sprint DCSS version 0.30-a0-371-gad7725a93e (webtiles) character file.

Game seed: 9073869533648445689

744 Kingsmith the Fighter (level 7, -6/55 HPs)
             Began as a Gargoyle Fighter on Nov 21, 2022.
             Was a Follower of Makhleb.
             Mangled by a two-headed ogre
             ... wielding a +0 giant spiked club
              (13 damage)
             ... in the Dungeon (Sprint IX: "|||||||||||||||||||||||||||||").
             The game lasted 00:01:42 (191 turns).

Kingsmith the Fighter (Gargoyle Fighter)             Turns: 191, Time: 00:01:43

Health: -6/55      AC: 26    Str: 21    XL:     7   Next: 76%
Magic:  7/7        EV:  7    Int: 15    God:    Makhleb [*.....]
Gold:   0          SH:  5    Dex:  9    Spells: 6/6 levels left

rFire   . . .      SeeInvis .    a - +2 morningstar (protect)
rCold   . . .      Faith    .    c - +0 buckler
rNeg    + . .      Spirit   .    o - +1 chain mail
rPois   ∞          Reflect  .    (no helmet)
rElec   +          Harm     .    (no cloak)
rCorr   .          Rampage  .    p - +0 pair of gloves
Will    .....      NoTele   +    b - +0 pair of boots
Stlth   ..........               (no amulet)
HPRegen 0.29/turn                m - +3 ring of intelligence
MPRegen 0.10/turn                n - +3 ring of intelligence

@: under a protective aura, hasted, very quick
A: sickness immunity, AC +4, negative energy resistance 1, electricity
resistance, torment resistance 1, petrification resistance
a: Renounce Religion


You were in the Dungeon.
You worshipped Makhleb.
Makhleb was aware of your devotion.
You visited 1 branch

Inventory:

Hand Weapons
 a - a +2 morningstar of protection (weapon)
Armour
 b - a +0 pair of boots (worn)
 c - a +0 buckler (worn)
 o - a +1 chain mail (worn)
 p - a +0 pair of gloves (worn)
Jewellery
 m - a +3 ring of intelligence (left hand)
 n - a +3 ring of intelligence (right hand)
Wands
 l - a wand of light (10)
Scrolls
 j - 2 scrolls of blinking
 k - 2 scrolls of amnesia
Potions
 d - a potion of might
 e - 5 potions of curing
 f - 2 potions of heal wounds
 h - 4 potions of magic
 i - a potion of invisibility


   Skills:
 * Level 11.9 Fighting
 + Level 7.7 Maces & Flails
 + Level 8.8 Armour
 + Level 8.8 Shields


You had 6 spell levels left.
You didn't know any spells.
Your spell library was empty.

Dungeon Overview and Level Annotations

Branches:
Dungeon (1/1)

Altars:
Cheibriados
Dithmenos
Elyvilon
Fedhas
Gozag
Hepliaklqana
Kikubaaqudgha
Makhleb
Nemelex Xobeh
Okawaru
Qazlal
Ru
Sif Muna
Trog
Uskayaw
Vehumet
Wu Jian
Xom
Yredelemnul
Zin
The Shining One
Jiyva
Lugonu


Innate Abilities, Weirdness & Mutations

You are immune to sickness and miasma.
Your stone body is resilient. (AC +4)
You are immune to poison.
You resist negative energy. (rN+)
You are resistant to electric shocks. (rElec)
You are resistant to unholy torment.
You are immune to petrification.


Message History

The yak is moderately wounded.
The yak gores you.
You puncture the yak!
The yak is heavily wounded.
The yak gores you but does no damage.
You hit the yak but do no damage.
The yak is heavily wounded.
You hit the yak.
The yak is severely wounded.
You block the yak's attack.
You barely miss the yak.
The yak is severely wounded.
The yak barely misses you.
You hit the yak but do no damage.
The yak is severely wounded.
The yak gores you but does no damage.
You hit the yak.
The yak is severely wounded.
You hit the yak.
The yak is almost dead.
The yak gores you but does no damage.
You sock the yak!
You kill the yak!
Makhleb accepts your kill.
You closely miss the two-headed ogre. You block the two-headed ogre's attack.
The two-headed ogre barely misses you.
You puncture the two-headed ogre!
The two-headed ogre is moderately wounded.
You hit the two-headed ogre.
The two-headed ogre is moderately wounded.
You impale the two-headed ogre!!
The two-headed ogre is severely wounded.
The two-headed ogre hits you with a +0 giant spiked club.
The two-headed ogre hits you with a +0 giant spiked club!
You hit the two-headed ogre.
The two-headed ogre is severely wounded.
The two-headed ogre hits you with a +0 giant spiked club!
* * * LOW HITPOINT WARNING * * *
The two-headed ogre hits you with a +0 giant spiked club!
You die...

▓+▓
▓.▓
▓.▓
▓.▓
▓.▓
▓.▓
▓O▓
▓@▓
▓.▓
▓.▓
▓[▓
▓.▓
▓.▓
▓)▓
▓)▓
▓.▓


You could see a two-headed ogre.

Vanquished Creatures
  2 yaks (D)
  A steam dragon (D)
  A black bear (D)
  A centaur (D)
  A kobold brigand (D)
  A wight (D)
  An iguana (D)
  A shadow imp (D)
  An orc (D)
  A goblin (D)
  A hobgoblin (D)
  A jackal (D)
  A frilled lizard (D)
  A kobold (D)
15 creatures vanquished.

Notes
Turn   | Place    | Note
-------+----------+-------------------------------------------
     0 | D        | Kingsmith the Gargoyle Fighter began the quest for the Orb.
     0 | D        | Reached XP level 1. HP: 14/14 MP: 1/1
    20 | D        | Reached skill level 4 in Fighting
    31 | D        | Noticed a black bear
    31 | D        | Noticed a centaur
    31 | D        | Noticed an iguana
    35 | D        | Killed an iguana
    36 | D        | Reached skill level 5 in Fighting
    36 | D        | Reached XP level 2. HP: 21/21 MP: 2/2
    36 | D        | Reached XP level 3. HP: 26/26 MP: 3/3
    40 | D        | Killed a centaur
    41 | D        | Reached skill level 7 in Fighting
    41 | D        | Reached skill level 5 in Armour
    41 | D        | Reached skill level 5 in Shields
    41 | D        | Reached XP level 4. HP: 34/34 MP: 4/4
    50 | D        | Killed a black bear
    51 | D        | Reached skill level 8 in Fighting
    51 | D        | Reached skill level 5 in Maces & Flails
    51 | D        | Reached XP level 5. HP: 33/40 MP: 5/5
    58 | D        | Found a snail-covered altar of Cheibriados.
    58 | D        | Found a shadowy altar of Dithmenos.
    58 | D        | Found a white marble altar of Elyvilon.
    58 | D        | Found a blossoming altar of Fedhas.
    58 | D        | Found an opulent altar of Gozag.
    59 | D        | Found a hazy altar of Hepliaklqana.
    60 | D        | Found a viscous altar of Jiyva.
    61 | D        | Found an ancient bone altar of Kikubaaqudgha.
    62 | D        | Found a corrupted altar of Lugonu.
    63 | D        | Found a burning altar of Makhleb.
    64 | D        | Found a sparkling altar of Nemelex Xobeh.
    65 | D        | Found an iron altar of Okawaru.
    66 | D        | Found a stormy altar of Qazlal.
    67 | D        | Found a sacrificial altar of Ru.
    68 | D        | Found a shimmering blue altar of Sif Muna.
    69 | D        | Found a bloodstained altar of Trog.
    70 | D        | Found a hide-covered altar of Uskayaw.
    71 | D        | Became a worshipper of Makhleb the Destroyer
    72 | D        | Found a radiant altar of Vehumet.
    73 | D        | Found an ornate altar of the Wu Jian Council.
    74 | D        | Found a shimmering altar of Xom.
    75 | D        | Found a basalt altar of Yredelemnul.
    76 | D        | Found a glowing silver altar of Zin.
    77 | D        | Found a glowing golden altar of the Shining One.
   150 | D        | Noticed a two-headed ogre
   150 | D        | Noticed a yak
   150 | D        | Noticed a yak
   150 | D        | Noticed a kobold brigand
   150 | D        | Noticed a steam dragon
   163 | D        | Killed a steam dragon
   164 | D        | Reached skill level 9 in Fighting
   164 | D        | Reached XP level 6. HP: 34/48 MP: 6/6
   170 | D        | Reached skill level 10 in Fighting
   171 | D        | Reached * piety under Makhleb
   172 | D        | Reached XP level 7. HP: 35/53 MP: 7/7
   177 | D        | Killed a yak
   178 | D        | Reached skill level 11 in Fighting
   186 | D        | Killed a yak
   191 | D        | Mangled by a two-headed ogre

Illustrated notes

Levels and vault maps discovered:
D:        linesprint [early_d, line_temple, items_1, d_10, items_2, lair_1,
          lair_end, items_3, orc_1, orc_end, items_4, d_15, swamp_1, shoals_1,
          snake_1, spider_1, d_20, vaults_1, items_5, swamp_end, shoals_end,
          snake_end, spider_end, vaults_end, d_27, items_6, zot_1, zot_end,
          crypt_end, forest_end, elf_end, slime_end, tomb_end, abyss_end,
          pan_hell_end]

Skill      XL: |  1  2  3  4  5  6  7 |
---------------+----------------------+-----
Fighting       | 5 7 8 9 10 11 | 11.9
Maces & Flails | 3 4 5 6 7 |  7.7
Armour         | 4 5 6 7 8 |  8.8
Shields        | 4 5 6 7 8 |  8.8

Action                   |  1- 3 |  4- 6 |  7- 9 || total
-------------------------+-------+-------+-------++-------
Melee: Flail             |    28 |    12 |       ||    40
       Morningstar       |       |    18 |    20 ||    38
  Use: Potion            |     1 |     2 |       ||     3
Armor: Scale mail        |    10 |     9 |       ||    19
       Chain mail        |       |    15 |     4 ||    19
Dodge: Dodged            |    15 |    11 |     3 ||    29
Block: Buckler           |     6 |     9 |     3 ||    18

Table legend: (Time is in decaauts)
 A = Elapsed time spent in this place.
 B = Non-inter-level travel time spent in this place.
 C = Inter-level travel time spent in this place.
 D = Time resting spent in this place.
 E = Time spent auto-exploring this place.
 F = Levels seen in this place.
 G = Mean time per level.
                   A        B        C        D        E       F      G
               +--------+--------+--------+--------+--------+-----+--------+
         Total |    202 |    202 |      0 |      0 |      0 |   1 |  202.0 |
       Dungeon |    202 |    202 |      0 |      0 |      0 |   1 |  202.0 |
               +--------+--------+--------+--------+--------+-----+--------+

Top non-repeatable levels by time:
       D: 202 daAuts
